cohdb
Replays
Latest Replays
All Replays
Popular Replays
Top Player Replays
Match Explorer
How It Works
Community
CoH3 Stats
Reddit
Sign in to upload your games and track your stats! →
Sign in with Steam
Match 27543173
Unlisted
Match 27543173
Overview
Messages
Build Orders
End
Construct Barracks
Selects Armored Battlegroup
Selects Veteran Crews
Riflemen Squad
Riflemen Squad
M1 Mortar Team
Mechanized Support Center
Construct Weapon Support Center
M3 75 mm Gun Motor Carriage
Selects Fast Deploy
M1919 Machine Gun Team
Construct Medical Station
M1918 Browning Automatic Rifles
Construct Motor Pool
Selects M8 Scott SPG
M8 Scott SPG
Grenade Package
Riflemen Squad
M1 Anti-tank Gun Team
Construct Tank Depot
Engineer Squad
Selects UNKNOWN (2160077)
Friendly Mouse(Poxie)
neurotypical cattle
assaülter
MadMax
HolyRedEye
SneakyTurkey
Crazy Dog
Mankurt
0
0
Comments
sign in to comment!
No comments posted yet!